 Dungeon Crawl Stone Soup version 0.26.1-2-gb8aa6d0cf2 (webtiles) character file.

Game seed: 3596565003803927218

79 Phaedo the Chiller (level 4, -1/31 HPs)
             Began as a Barachi Ice Elementalist on Mar 18, 2021.
             Killed from afar by a dart slug (3 damage)
             ... with a slug dart
             ... on level 3 of the Dungeon.
             The game lasted 00:05:02 (1834 turns).

Phaedo the Chiller (Barachi Ice Elementalist)       Turns: 1834, Time: 00:05:04

Health: -1/31      AC:  2    Str:  9    XL:     4   Next: 37%
Magic:  1/8        EV: 13    Int: 16    God:
Gold:   120        SH:  0    Dex: 13    Spells: 5/9 levels left

rFire    . . .     SeeInvis .   h - +0 club
rCold    . . .     Faith    .   (no shield)
rNeg     . . .     Spirit   .   a - +0 robe
rPois    .         Reflect  .   (no helmet)
rElec    .         Harm     .   (no cloak)
rCorr    .         Rampage  .   (no gloves)
Will     .....                  (no boots)
Stlth    ++........             (no amulet)
HPRegen  0.10/turn              (no ring)
MPRegen  0.11/turn              (no ring)

@: slow
A: +LOS, swims, slowness 1, strong legs 1
a: Hop


You were on level 3 of the Dungeon.
You visited 1 branch of the dungeon, and saw 3 of its levels.

You collected 120 gold pieces.

Inventory:

Hand Weapons
 e - a +3 dagger of draining
 h - a +0 club (weapon)
 i - a +0 hunting sling
Missiles
 c - 7 bolts
 d - 4 atropa-tipped darts
 n - 2 stones
Armour
 a - a +0 robe (worn)
 j - a +0 kite shield
Scrolls
 b - a scroll of fear {unknown}
 k - 2 scrolls of identify {unknown}
 l - a scroll of enchant weapon {unknown}
 m - a scroll of remove curse {unknown}
Potions
 f - a potion of curing {unknown}
 g - 4 potions of might {unknown}


   Skills:
 - Level 0.5 Fighting
 + Level 2.6 Dodging
 + Level 2.3 Stealth
 + Level 3.0 Spellcasting
 + Level 5.7 Ice Magic


You had 5 spell levels left.
You knew the following spells:

 Your Spells              Type           Power        Failure   Level
a - Freeze                Ice            80%          1%          1
b - Frozen Ramparts       Ice            40%          5%          3

Your spell library contained the following spells:

 Spells                   Type           Power        Failure   Level
 Ozocubu's Armour         Ice            20%          5%          3
 Hailstorm                Conj/Ice       11%          50%         4
 Summon Ice Beast         Ice/Summ       11%          50%         4


Dungeon Overview and Level Annotations

Branches:
Dungeon (3/15)

Altars:

Annotations:
D:2 Robin


Innate Abilities, Weirdness & Mutations

You can be seen from farther away. (+LOS)
You can swim through water.
You cover ground slowly.
You can hop short distances.


Message History

The bat hits you but does no damage. The bat hits you but does no damage.
Things that are here:
a +0 club; a hobgoblin corpse You hit the dart slug but do no damage.
The bat hits you.
* * * LOW HITPOINT WARNING * * *
The dart slug barely misses you.
You hit the dart slug.
The dart slug is moderately wounded.
The bat misses you. The dart slug misses you. The bat barely misses you.
You hit the dart slug.
The dart slug is heavily wounded.
The bat barely misses you. The dart slug misses you.
You hit the dart slug.
The dart slug is severely wounded.
The bat hits you.
* * * LOW HITPOINT WARNING * * *
The dart slug launches a dart at you. The slug dart hits you.
You die...

#######
#..@w.#
#$b<..#
........#
##.#.....#
#.#.....#
. #######
. .# ..


You could see a dart slug and a bat.

Vanquished Creatures
  2 adders (D:2)
  An ooze (D:1)
  2 worms (D:2)
  3 dart slugs (D:1)
  3 leopard geckos
  2 giant cockroaches
  9 goblins
  6 hobgoblins
  A quokka (D:2)
  3 bats (D:1)
  3 frilled lizards
  2 kobolds
  2 rats
39 creatures vanquished.

Notes
Turn   | Place    | Note
-------+----------+-------------------------------------------
     0 | D:1      | Phaedo the Barachi Ice Elementalist began the quest for the
                  | Orb.
     0 | D:1      | Reached XP level 1. HP: 13/13 MP: 3/3
    57 | D:1      | Reached skill level 5 in Ice Magic
   224 | D:1      | Reached XP level 2. HP: 19/19 MP: 3/5
   672 | D:1      | Reached XP level 3. HP: 25/25 MP: 2/6
  1010 | D:1      | Learned a level 3 spell: Frozen Ramparts
  1628 | D:2      | Reached XP level 4. HP: 27/31 MP: 4/8
  1795 | D:2      | Noticed Robin
  1834 | D:3      | Killed from afar by a dart slug

Illustrated notes

Levels and vault maps discovered:
D:1:      dpeg_arrival_solitude, layout_basic, serial_curves, eino_curves_04,
          eino_curves_03
D:2:      layout_loops_ring, nemelex_xobeh_ov_fountains_minmay, uniq_terence,
          uniq_robin
D:3:      layout_loops_cross, kiku_gazebo_pond_becter,
          nicolae_overflow_hidden_temple

Skill      XL: |  1  2  3  4 |
---------------+-------------+-----
Ice Magic      | 5 |  5.7
Stealth        | 2 |  2.3
Spellcasting   | 3 |  3.0
Fighting       | |  0.5
Dodging        | |  2.6

Action                   |  1- 3 |  4- 6 || total
-------------------------+-------+-------++-------
Melee: Unarmed           |     9 |       ||     9
       Club              |    43 |     9 ||    52
 Cast: Freeze            |    41 |    15 ||    56
 Stab: Sleeping          |     4 |       ||     4
Armor: Robe              |    14 |     4 ||    18
Dodge: Dodged            |    49 |    17 ||    66
